 Dungeon Crawl Stone Soup version 0.29-a0-90-gc37658a0fe (webtiles) character file.

Game seed: 1927172695012188938

326905 hudiniq the Ninja (level 20, -11/104 (114) HPs)
             Began as a Spriggan Enchanter on Jan 25, 2022.
             Was the Champion of Dithmenos.
             Killed from afar by a halazid warlock (59 damage)
             ... with a ghostly fireball
             ... in the Desolation of Salt on Feb 6, 2022.
             The game lasted 10:19:48 (80013 turns).

hudiniq the Ninja (Spriggan Enchanter)             Turns: 80013, Time: 10:19:49

HP:   -11/104 (114) AC:  9    Str:  6    XL:     20   Next: 77%
MP:   27/44         EV: 43    Int: 17    God:    Dithmenos [******]
Gold: 3063          SH:  0    Dex: 24    Spells: 10/39 levels left

rFire   . . .      SeeInvis +   a - +9 quick blade of Sinteyra {vorpal, rPois MP+9 Int-3 Dex+3}
rCold   . . .      Faith    .   (no shield)
rNeg    . . .      Spirit   .   B - +2 robe {Archmagi}
rPois   +          Reflect  .   I - +1 hat {Stlth+}
rElec   .          Harm     .   n - scarf {shadows}
rCorr   .          Rampage  .   (gloves unavailable)
Will    +++..      Archmagi +   (boots unavailable) Stlth ##********
                                F - amulet of Iblas {Acrobat +Inv rPois Int+2}
HPRegen 0.27/turn               s - +4 ring of protection
MPRegen 0.29/turn               P - ring of wizardry

@: confusing by touch, wreathed by umbra, studying 2 skills, drained, very quick
A: very small, no large weapons, unfitting armour, see invisible, speed 3
}: 2/15 runes: serpentine, barnacled
a: Renounce Religion, Evoke Invisibility, Shadow Step, Shadow Form


You were in the Desolation of Salt.
You worshipped Dithmenos.
Dithmenos was exalted by your worship.
You visited 7 branches of the dungeon, and saw 36 of its levels.
You visited 1 bazaar.
You also visited: Bailey, Gauntlet, Ice Cave, Volcano and Desolation.

You collected 4291 gold pieces.
You spent 1228 gold pieces at shops.

Inventory:

Hand Weapons
 a - the +9 quick blade of Sinteyra (weapon) {vorpal, rPois MP+9 Int-3 Dex+3}
   (You acquired it in a bailey)

   It inflicts extra damage upon your enemies.
   Int:       It affects your intelligence (-3).
   Dex:       It affects your dexterity (+3).
   rPois:     It protects you from poison.
   MP:        It affects your magic capacity (+9).
 o - the +11 shortbow of Apigrut {venom, rElec rF++}
   (You found it in the Desolation of Salt)

   Any ammunition fired from it poisons the flesh of those it strikes.
   rF:        It greatly protects you from fire.
   rElec:     It insulates you from electricity.
Missiles
 g - 31 boomerangs
 r - 66 poisoned darts (quivered)
 Y - 2 atropa-tipped darts
Armour
 b - the +4 robe of Folly {Brilliance Will-∞ Int+8}
   (You found it in the Desolation of Salt)

   It increases the power of your magical spells.
   It halves the magic cost of your spells (rounding up).
   It reduces your willpower to zero.
   Int:       It affects your intelligence (+8).
 h - a scarf of repulsion
 j - a +2 robe of willpower
 n - a scarf of shadows (worn)
 t - the +0 robe of Resonance {rPois rF+ Stlth+}
   (You bought it in a shop in a bazaar)

   rF:        It protects you from fire.
   rPois:     It protects you from poison.
   Stlth:     It makes you more stealthy.
 B - a +2 robe of the Archmagi (worn)
 I - a +1 hat of stealth (worn)
 U - a +2 robe of resistance
Jewellery
 m - the ring "Fumn" {rN+ AC+4 Str+4 Dex-5 SInv}
   (You found it in the Desolation of Salt)

   [ring of protection]

   AC:        It affects your AC (+4).
   Str:       It affects your strength (+4).
   Dex:       It affects your dexterity (-5).
   rN:        It protects you from negative energy.
   SInv:      It lets you see invisible.
 s - a +4 ring of protection (left hand)
 A - an amulet of magic regeneration
 F - the amulet of Iblas (around neck) {Acrobat +Inv rPois Int+2}
   (You took it off a merfolk impaler on level 4 of the Shoals)

   [amulet of the acrobat]

   It increases your evasion while moving and waiting.
   Int:       It affects your intelligence (+2).
   rPois:     It protects you from poison.
   +Inv:      It lets you turn invisible.
 O - a ring of poison resistance
 P - a ring of wizardry (right hand)
Wands
 e - a wand of iceblast (9)
 f - a wand of charming (10)
 v - a wand of polymorph (3)
 y - a wand of flame (45)
 E - a wand of acid (14)
 L - a wand of digging (22)
 V - a wand of paralysis (12)
Scrolls
 i - 14 scrolls of teleportation
 l - 10 scrolls of blinking
 p - 6 scrolls of vulnerability
 q - 5 scrolls of magic mapping
 M - a scroll of holy word
 N - 4 scrolls of fear
 Q - 2 scrolls of torment
 R - 3 scrolls of enchant weapon
 S - 5 scrolls of enchant armour
 T - 7 scrolls of fog
 W - a scroll of silence
Potions
 c - 3 potions of invisibility
 d - 11 potions of curing
 k - 5 potions of heal wounds
 u - 6 potions of flight
 x - 2 potions of berserk rage
 z - 3 potions of magic
 C - 2 potions of cancellation
 D - a potion of resistance
 G - 3 potions of might
 J - 2 potions of haste
 K - 5 potions of brilliance
Miscellaneous
 w - a condenser vane
 H - a piece from Xom's chessboard (15/15)
 X - a phial of floods
 Z - a phantom mirror


   Skills:
 + Level 16.1 Fighting
 - Level 8.0 Short Blades
 - Level 8.0 Throwing
 + Level 23.7 Dodging
 O Level 27 Stealth
 - Level 10.0 Spellcasting
 - Level 3.0 Conjurations
 - Level 14.0 Hexes
 - Level 3.0 Translocations
 - Level 4.4 Ice Magic
 - Level 10.0 Invocations
 - Level 15.0 Evocations


You had 10 spell levels left.
You knew the following spells:

 Your Spells              Type           Power      Damage    Failure   Level
a - Ensorcelled Hibernat  Hex/Ice        100%       N/A       1%          2
b - Confusing Touch       Hex            71%        N/A       1%          3
c - Dazzling Flash        Conj/Hex       100%       N/A       1%          3
d - Tukima's Dance        Hex            71%        N/A       1%          3
e - Fulminant Prism       Conj/Hex       27%        3d14      1%          4
f - Metabolic Englaciati  Hex/Ice        28%        N/A       2%          5
g - Blink                 Tloc           56%        N/A       1%          2
h - Enfeeble              Hex            35%        N/A       9%          7

Your spell library contained the following spells:

 Spells                   Type           Power      Damage    Failure   Level
 Apportation              Tloc           56%        N/A       1%          1
 Freeze                   Ice            100%       1d11      1%          1
 Ozocubu's Armour         Ice            35%        N/A       1%          3
 Portal Projectile        Hex/Tloc       100%       N/A       1%          3
 Leda's Liquefaction      Hex/Erth       24%        N/A       1%          4
 Animate Skeleton         Necr           24%        N/A       3%          1
 Beastly Appendage        Tmut           24%        N/A       3%          1
 Pain                     Necr           48%        1d6       3%          1
 Sting                    Tmut/Pois      48%        1d5       3%          1
 Gell's Gravitas          Tloc           28%        N/A       3%          3
 Lesser Beckoning         Tloc           28%        N/A       3%          3
 Teleport Other           Tloc           28%        N/A       3%          3
 Corpse Rot               Necr/Air       24%        N/A       5%          2
 Poisonous Vapours        Pois/Air       24%        N/A       5%          2
 Scorch                   Fire           24%        2d6       5%          2
 Wereblood                Tmut           12%        N/A       5%          2
 Yara's Violent Unravell  Hex/Tmut       24%        3d11      5%          5
 Hailstorm                Conj/Ice       31%        3d8       8%          4
 Iskenderun's Mystic Bla  Conj/Tloc      28%        2d7       10%         4
 Call Canine Familiar     Summ           12%        N/A       11%         3
 Spider Form              Tmut/Pois      12%        N/A       11%         3
 Vampiric Draining        Necr           12%        2d6       11%         3
 Ice Form                 Ice/Tmut       24%        N/A       14%         4
 Flame Wave               Conj/Fire      20%        2d7       17%         4
 Manifold Assault         Tloc           28%        N/A       26%         5
 Airstrike                Air            6%         N/A       32%         4
 Olgreb's Toxic Radiance  Pois           12%        N/A       32%         4
 Summon Lightning Spire   Summ/Air       12%        N/A       32%         4
 Freezing Cloud           Conj/Ice/Air   12%        6-21      32%         5
 Fireball                 Conj/Fire      10%        3d6       43%         5
 Lightning Bolt           Conj/Air       10%        1d23      43%         5
 Alistair's Intoxication  Tmut/Pois      8%         N/A       65%         5
 Excruciating Wounds      Necr           6%         N/A       65%         5
 Lee's Rapid Deconstruct  Erth           6%         3d7*      65%         5
 Simulacrum               Ice/Necr       12%        N/A       88%         6
 Conjure Ball Lightning   Conj/Air       10%        3x3d6     93%         6
 Starburst                Conj/Fire      10%        6d5       93%         6
 Ozocubu's Refrigeration  Ice            17%        4d8       98%         7
 Death Channel            Necr           6%         N/A       99%         6
 Storm Form               Tmut/Air       6%         N/A       100%        7
 Ignition                 Fire           6%         3d4       100%        8
 Maxwell's Capacitive Co  Air            6%         ∞         100%        8
 Necromutation            Tmut/Necr      6%         N/A       100%        8
 Chain Lightning          Conj/Air       10%        3d13      100%        9
 Fire Storm               Conj/Fire      10%        8d3       100%        9
 Polar Vortex             Ice            17%        N/A       100%        9
 Shatter                  Erth           6%         3d9*      100%        9


Dungeon Overview and Level Annotations

Branches:
Dungeon (15/15)            Temple (1/1) D:7            Lair (6/6) D:8
 Shoals (4/4) Lair:3        Snake (4/4) Lair:4        Slime (0/5) Lair:5
    Orc (2/2) D:12            Elf (0/3) Orc:2        Vaults (4/5) D:13
  Crypt (0/3) Vaults:3     Depths (0/4) D:15         Bailey (visited)
  IceCv (visited)         Volcano (visited)         Desolation (1/1)
Gauntlet (visited)

Altars:
Ashenzari
Cheibriados
Dithmenos
Elyvilon
Fedhas
Gozag
Hepliaklqana
Kikubaaqudgha
Makhleb
Nemelex Xobeh
Okawaru
Qazlal
Ru
Sif Muna
Trog
Uskayaw
Vehumet
Wu Jian
Xom
Yredelemnul
Zin
The Shining One
Beogh

Shops:
D:6 [*   D:11 (   Orc:1 :   Orc:2 *(((   Shoals:3 =   Snake:1 *   Snake:3 =::
Vaults:1 ![

Annotations:
D:9 1 exclusion
Lair:2 exclusion: electric eel
Lair:5 1 runed translucent door
Shoals:1 raistware's ghost, adept HuCj


Innate Abilities, Weirdness & Mutations

You are very small and have problems with some larger weapons.
You are too small for most types of armour.
You have supernaturally acute eyesight. (SInv)
You cover ground extremely quickly. (Speed+++)


Message History

Casting: Ensorcelled Hibernation (safe; 1% risk of failure)
Confirm with . or Enter, or press ? or * to list all spells.
You feel a surge of power!
Your hands begin to glow red.
The molten gargoyle blasts magma at you!
The bolt of magma misses you.
The molten gargoyle blasts magma at you!
The bolt of magma hits the molten gargoyle!
The molten gargoyle partially resists.
The molten gargoyle is destroyed!
The molten gargoyle dissolves into shadows!
The bolt of magma misses you.
You barely miss the servant of whispers.
Your punch misses the servant of whispers.
You hit the servant of whispers but do no damage.
The saltling is no longer moving slowly.
You barely miss the servant of whispers.
You hit the servant of whispers but do no damage.
Your shadow barely misses the servant of whispers.
The servant of whispers hits you but does no damage.
You hit the servant of whispers but do no damage.
The servant of whispers appears confused.
Your shadow closely misses the servant of whispers.
The saltling is no longer moving slowly.
You catch the helpless servant of whispers completely off-guard!
You skewer the servant of whispers like a kebab!!!
You kill the servant of whispers!
Dithmenos accepts your kill.
You hit the molten gargoyle but do no damage.
Your shadow hits the molten gargoyle but does no damage.
Casting: Confusing Touch (safe; 1% risk of failure)
Confirm with . or Enter, or press ? or * to list all spells.
You feel a surge of power!
Your hands begin to glow red.
The molten gargoyle blasts magma at you!
The bolt of magma hits you!!
The halazid warlock gestures at the molten gargoyle while chanting.
The molten gargoyle's animating energy erupts into ghostly fire!
The ghostly flame explodes!
The ghostly fireball engulfs you!!!
You feel drained.
Ouch! That really hurt!
You die...

######################
#######################
#################################
#################################
#################################
................................#
......................#.......§.#
.............##.@#######.....§..#
.............####)99|.#§§§§§#.§.#
.............#)..L9...#§§§§§§§§§#
..............#.#a..##...§§§§§§.#
....§.§§§§.....#....#..§§§§§§§§.#
.§§§§§§§§....###[...#.....§§§§§.#
§§§§.§§§§§..## #=.... ....§§§§§.#
§§§§.§§§.§§.# .......#...§§§§§.#
§§§.§§§.. ..# ...#...#§ §§§§§§.#


You could see a ragged hierophant, a halazid warlock, 2 molten gargoyles and a
saltling (summoned).

Vanquished Creatures
  Mara (Snake:3)
  Vashnia (Snake:2)
  Rupert (D:15)
  3 sphinxes
  5 nagarajas
  A fire giant (Vaults:2)
  8 vault wardens
  A frost giant (IceCv)
  2 imperial myrmidons (Desolation)
  3 orc warlords (Orc:2)
  11 ironbound preservers
  4 ironbound thunderhulks
  16 dire elephants
  2 entropy weavers
  2 minotaurs (Shoals:4)
  A halazid warlock (Desolation)
  Snorg (D:11)
  A crystal guardian (Desolation)
  7 merfolk javelineers
  An ettin (Vaults:1)
  A deep elf death mage (Vaults:3)
  5 merfolk impalers
  Josephine (D:11)
  12 yaktaur captains
  7 ragged hierophants (Desolation)
  10 servants of whispers
  9 hydras
  15 naga warriors
  3 peacekeepers (Desolation)
  5 boulder beetles
  An ogre mage (D:15)
  3 salamander tyrants (Snake:4)
  2 vault guards (Vaults:2)
  A catoblepas (Lair:3)
  3 ironbound frosthearts
  A death knight (D:15)
  9 anacondas
  A merfolk avatar (Shoals:4)
  11 centaur warriors
  An alligator snapping turtle (Shoals:4)
  7 death yaks (IceCv)
  16 satyrs
  3 merfolk aquamancers
  A vampire mage (D:15)
  9 two-headed ogres
  17 naga sharpshooters
  11 shock serpents
  Urug (Lair:5)
  3 orc high priests (Orc:2)
  Sonja (D:13)
  A shadow wraith (Vaults:3)
  2 salamander mystics (Snake:4)
  The ghost of feta the Shield-Bearer, a novice FoFi of Okawaru (D:7)
  A sea snake (shapeshifter) (Vaults:2)
  2 skeletal warriors (D:15)
  5 sea snakes
  A spectral anaconda (Lair:6)
  A steelbarb worm (shapeshifter) (D:13)
  43 deep trolls
  An obsidian statue (Lair:6)
  A glowing orange brain (Vaults:2)
  11 ironbound convokers
  6 naga ritualists
  9 wizards
  8 lindwurms (Vaults:1)
  12 orc knights
  4 necromancers
  Pikel (D:4)
  22 harpies
  A shadow dragon skeleton (D:15)
  2 deep elf pyromancers
  7 mana vipers
  12 fauns
  13 salamanders
  7 orc sorcerers
  41 ugly things
  A manticore (shapeshifter) (Vaults:2)
  8 cyclopes
  22 manticores
  24 elephants
  9 vault sentinels
  2 dire elephant zombies (Lair:6)
  18 merfolk sirens
  9 naga magi
  4 water nymphs
  2 gargoyles
  43 black mambas
  3 molten gargoyles (Volcano)
  3 guardian serpents
  An ice statue (IceCv)
  An unseen horror (shapeshifter) (D:12)
  Maggie (D:8)
  Psyche (D:8)
  10 cane toads
  3 freezing wraiths
  12 komodo dragons
  3 efreet (Volcano)
  7 rime drakes
  27 yaktaurs
  9 polar bears
  A guardian mummy (D:15)
  4 wind drakes
  A meliai (shapeshifter) (D:14)
  A tengu conjurer (D:15)
  5 trolls
  20 merfolk
  A meliai (D:8)
  A troll (shapeshifter) (D:13)
  3 hornets
  A wolf spider simulacrum (Gauntlet)
  3 dream sheep (Shoals:2)
  43 saltlings
  41 slime creatures
  14 blink frogs
  5 snapping turtles
  A shadow (D:11)
  An ettin skeleton (D:15)
  A centaur simulacrum (Gauntlet)
  A spriggan skeleton (D:15)
  A spriggan (shapeshifter) (D:13)
  2 spriggans (Lair:3)
  A vampire (D:11)
  7 wraiths
  A yak (shapeshifter) (D:13)
  A dire elephant simulacrum (Lair:6)
  12 water elementals
  7 wyverns
  3 fire elementals (Volcano)
  63 yaks
  5 basilisks
  8 vampire mosquitoes
  A redback (Gauntlet)
  A death yak simulacrum (Lair:6)
  6 wargs
  Menkaure (D:4)
  43 nagas
  2 steam dragons
  2 spectral cane toads (Lair:6)
  13 water moccasins
  A hydra simulacrum (Gauntlet)
  3 acid dragons
  A human skeleton (D:15)
  A black bear (D:8)
  A sky beast (D:7)
  A black bear (shapeshifter) (D:14)
  49 orc warriors
  A boggart (Vaults:3)
  15 ogres
  2 elephant skeletons (Lair:6)
  15 centaurs
  27 wolves
  6 kobold brigands
  5 phantoms
  Blork the orc (D:4)
  14 bullfrogs
  2 gnoll sergeants
  A wyvern zombie (D:8)
  3 cane toad simulacra (Lair:6)
  3 earth elementals (Volcano)
  2 scorpions
  An elephant simulacrum (Lair:6)
  11 wights
  4 howler monkeys
  12 electric eels
  4 jellies
  6 centaur zombies
  A bullfrog zombie (D:6)
  16 orc priests
  5 hounds
  A bullfrog skeleton (D:4)
  3 centaur skeletons (D:7)
  2 gnoll shamans
  4 iguanas
  Ijyb (D:5)
  17 orc wizards
  A scorpion zombie (D:4)
  A killer bee zombie (D:7)
  A mummy (D:4)
  17 gnolls
  2 howler monkey skeletons
  9 adders
  2 white imps
  An ufetubus (D:5)
  An adder skeleton (D:4)
  2 worms
  3 dart slugs
  76 orcs
  7 endoplasms
  2 giant cockroaches
  27 hobgoblins
  4 jackals (D:2)
  31 kobolds
  2 quokkas
  8 ball pythons
  8 bats
  2 frilled lizards (D:2)
  13 goblins
  3 rats
  4 fire vortices (Volcano)
1477 creatures vanquished.

Vanquished Creatures (others)
  A molten gargoyle (Desolation)
  2 demonic plants (Gauntlet)
  110 fulminant prisms
  35 fungi
  158 plants
  28 withered plants
334 creatures vanquished.

Grand Total: 1811 creatures vanquished

Notes
Turn   | Place    | Note
-------+----------+-------------------------------------------
     0 | D:1      | hudiniq the Spriggan Enchanter began the quest for the Orb.
     0 | D:1      | Reached XP level 1. HP: 9/9 MP: 5/5
   388 | D:1      | Reached XP level 2. HP: 8/13 MP: 6/6
   905 | D:1      | Reached skill level 5 in Stealth
   905 | D:1      | Reached XP level 3. HP: 13/16 MP: 8/8
  1297 | D:1      | Learned a level 2 spell: Ensorcelled Hibernation
  1301 | D:1      | Learned a level 3 spell: Confusing Touch
  1303 | D:1      | Found a faded altar of an unknown god.
  1583 | D:2      | Found an ancient bone altar of Kikubaaqudgha.
  2646 | D:2      | Reached XP level 4. HP: 21/21 MP: 9/9
  2997 | D:3      | Reached skill level 5 in Hexes
  3865 | D:3      | Found a shadowy altar of Dithmenos.
  3952 | D:3      | Found a bloodstained altar of Trog.
  4015 | D:3      | Reached XP level 5. HP: 21/24 MP: 4/10
  4278 | D:3      | Identified the +10 plate armour of Xegidaha {Dex+4 Slay+3}
  4424 | D:4      | Found a transporter.
  4493 | D:4      | Found a transporter.
  4503 | D:4      | Found a basalt altar of Yredelemnul.
  4507 | D:4      | Noticed Menkaure
  4513 | D:4      | Found an ancient bone altar of Kikubaaqudgha.
  4690 | D:3      | Found an ornate altar of the Wu Jian Council.
  4690 | D:3      | Found a glowing silver altar of Zin.
  4700 | D:3      | Became a worshipper of Dithmenos the Shadowed
  4751 | D:4      | Noticed Blork the orc
  4827 | D:4      | Noticed a phantom
  4897 | D:4      | Reached skill level 6 in Stealth
  5076 | D:4      | Noticed an ogre
  5082 | D:4      | Killed an ogre
  5083 | D:4      | Reached XP level 6. HP: 28/28 MP: 6/11
  5306 | D:4      | Reached skill level 5 in Dodging
  5473 | D:5      | Entered Level 5 of the Dungeon
  5516 | D:5      | Noticed Ijyb
  5546 | D:5      | Reached skill level 7 in Stealth
  5738 | D:5      | Reached XP level 7. HP: 17/32 MP: 4/12
  6011 | D:5      | Reached skill level 1 in Fighting
  6102 | D:5      | Killed Ijyb
  6142 | D:5      | Noticed a steam dragon
  6505 | D:6      | Found a transporter.
  6546 | D:6      | Found a transporter.
  7098 | D:6      | Found Vuotsug's General Store.
  7098 | D:6      | Found Kaaliecei's Armour Shoppe.
  7656 | D:6      | Reached skill level 8 in Stealth
  7791 | D:4      | Reached XP level 8. HP: 39/39 MP: 11/13
  7818 | D:4      | Noticed Pikel
  7850 | D:4      | Killed Blork the orc
  8228 | D:7      | Reached skill level 9 in Stealth
  8682 | D:7      | Reached * piety under Dithmenos
  8690 | D:7      | Reached XP level 9. HP: 40/44 MP: 11/14
  8692 | D:7      | Reached skill level 10 in Stealth
  8858 | D:7      | Noticed a two-headed ogre
  8956 | D:7      | Found a staircase to the Ecumenical Temple.
  8964 | Temple   | Entered the Ecumenical Temple
  9187 | D:7      | Noticed a gargoyle
  9260 | D:7      | Killed a gargoyle
  9356 | D:7      | Reached skill level 10 in Hexes
  9592 | D:7      | Reached skill level 11 in Stealth
  9672 | D:7      | Killed a two-headed ogre
  9673 | D:7      | Reached skill level 10 in Dodging
  9673 | D:7      | Reached skill level 12 in Stealth
  9809 | D:7      | Upgraded the game from 0.28-a0-1632-g283549b12f to
                  | 0.29-a0-1-gf2d273c862
  9959 | D:7      | Reached skill level 1 in Invocations
  9982 | D:7      | Noticed feta's ghost (novice FoFi)
  9994 | D:7      | Found a runed translucent door.
 10134 | D:7      | Reached XP level 10. HP: 49/49 MP: 13/15
 10275 | D:7      | Noticed a seven-headed hydra
 10453 | D:8      | Reached ** piety under Dithmenos
 10891 | D:8      | Noticed Maggie
 10922 | D:8      | Killed Maggie
 11443 | D:8      | Found a staircase to the Lair.
 11477 | D:8      | Learned a level 3 spell: Dazzling Flash
 11555 | D:8      | Reached skill level 13 in Stealth
 11732 | D:8      | Noticed a five-headed hydra
 12056 | D:7      | Found a runed translucent door.
 12104 | D:7      | Found a staircase to the Ecumenical Temple.
 12482 | D:7      | Killed a seven-headed hydra
 12483 | D:7      | Reached skill level 1 in Conjurations
 12710 | D:8      | Killed a five-headed hydra
 12976 | D:9      | Noticed Psyche
 13251 | D:9      | Identified the +1 kite shield of the Arcane {Drain Regen+
                  | Dex+2}
 13388 | D:9      | Reached *** piety under Dithmenos
 13458 | D:9      | Reached skill level 5 in Short Blades
 13565 | D:9      | Reached XP level 11. HP: 54/54 MP: 11/16
 13833 | D:9      | Found a broken altar of Ashenzari.
 14492 | D:10     | Entered Level 10 of the Dungeon
 14668 | D:10     | Found a flagged portal.
 14682 | Bailey   | Entered a bailey
 14726 | Bailey   | Noticed an orc knight
 14731 | Bailey   | Killed an orc knight
 14731 | Bailey   | Reached **** piety under Dithmenos
 14786 | Bailey   | Noticed an orc knight
 14790 | Bailey   | Killed an orc knight
 14791 | Bailey   | Reached skill level 14 in Stealth
 14832 | Bailey   | Noticed an orc knight
 14837 | Bailey   | Killed an orc knight
 14838 | Bailey   | Reached skill level 5 in Fighting
 14934 | Bailey   | Acquired the +9 quick blade of Sinteyra {vorpal, rPois MP+9
                  | Int-3 Dex+3}
 14970 | Bailey   | Found an iron altar of Okawaru.
 14970 | Bailey   | Noticed an orc sorcerer
 14970 | Bailey   | Noticed an orc sorcerer
 14975 | Bailey   | Killed an orc sorcerer
 14977 | Bailey   | Killed an orc sorcerer
 15008 | Bailey   | Identified the +2 scale mail of the Raven {rN+ Str+4 Dex-3}
 15416 | D:10     | Noticed a six-headed hydra
 15425 | D:10     | Killed a six-headed hydra
 15426 | D:10     | Reached skill level 5 in Invocations
 15527 | D:10     | Noticed a two-headed ogre
 15544 | D:10     | Killed a two-headed ogre
 15695 | D:10     | Noticed a two-headed ogre
 15698 | D:10     | Killed a two-headed ogre
 16067 | Lair:1   | Entered Level 1 of the Lair of Beasts
 16081 | Lair:1   | Reached XP level 12. HP: 60/60 MP: 17/17
 16274 | Lair:1   | Reached skill level 15 in Stealth
 16442 | Lair:1   | Reached ***** piety under Dithmenos
 17162 | Lair:1   | Noticed a four-headed hydra
 17188 | Lair:1   | Killed a four-headed hydra
 17189 | Lair:1   | Reached skill level 16 in Stealth
 17618 | Lair:2   | Reached skill level 1 in Throwing
 17877 | Lair:2   | Noticed a four-headed hydra
 17887 | Lair:2   | Killed a four-headed hydra
 18026 | Lair:2   | Identified the +2 leather armour of Ru's Indignation {rC-
                  | rN++ Stlth+}
 18436 | Lair:2   | Identified the +1 robe of Ychileym {Rampage}
 18736 | Lair:3   | Noticed an eight-headed hydra
 18742 | Lair:3   | Killed an eight-headed hydra
 19473 | Lair:3   | Found a staircase to the Shoals.
 19512 | Lair:3   | Reached XP level 13. HP: 54/67 MP: 17/18
 19654 | Lair:3   | Reached skill level 17 in Stealth
 20531 | Lair:3   | Found a burning altar of Makhleb.
 21365 | Lair:4   | Found a dark tunnel.
 21527 | Volcano  | Entered a volcano
 21693 | Volcano  | Reached skill level 5 in Spellcasting
 22075 | Lair:4   | Found a staircase to the Snake Pit.
 22224 | Lair:4   | Learned a level 3 spell: Tukima's Dance
 22672 | Lair:5   | Reached skill level 5 in Throwing
 22672 | Lair:5   | Reached skill level 15 in Dodging
 22718 | Lair:5   | Found a runed translucent door.
 22718 | Lair:5   | You fall into a shaft and drop 1 floor!
 22718 | Lair:6   | Entered Level 6 of the Lair of Beasts
 22744 | Lair:5   | Reached skill level 18 in Stealth
 22831 | Lair:5   | Found a staircase to the Slime Pits.
 23144 | Lair:5   | Noticed Urug
 23151 | Lair:5   | Killed Urug
 23328 | Lair:5   | Reached XP level 14. HP: 68/74 MP: 22/22
 23721 | Lair:6   | Reached skill level 19 in Stealth
 24107 | Lair:6   | Reached ****** piety under Dithmenos
 25834 | Lair:6   | Learned a level 4 spell: Fulminant Prism
 26248 | D:8      | Killed Psyche
 26249 | D:8      | Reached skill level 20 in Stealth
 26345 | D:6      | Bought a scroll of identify for 22 gold pieces
 26345 | D:6      | Bought a scroll of magic mapping for 38 gold pieces
 26728 | D:4      | Killed Pikel
 26998 | D:4      | Killed Menkaure
 27188 | D:7      | Killed feta's ghost
 27445 | D:11     | Noticed Josephine
 27463 | D:11     | Killed Josephine
 27464 | D:11     | Reached skill level 1 in Evocations
 27666 | D:11     | Found Nuacsih's Weapon Emporium.
 27989 | D:11     | Reached skill level 10 in Fighting
 28137 | D:11     | Got the Handbook of Dark Ignition
 28148 | D:11     | Identified the +0 helmet of Diugy {+Inv Slay+4 Stlth+}
 28251 | D:12     | Found a frozen archway.
 28264 | IceCv    | Entered an ice cave
 28611 | IceCv    | Reached XP level 15. HP: 80/80 MP: 23/23
 28638 | IceCv    | Noticed a frost giant
 28642 | IceCv    | Killed a frost giant
 28806 | IceCv    | Reached skill level 5 in Evocations
 29744 | D:12     | Upgraded the game from 0.29-a0-1-gf2d273c862 to
                  | 0.29-a0-6-ga859fcf985
 29866 | D:12     | Identified the +8 trident of Ru's Anger {speed, rC+ SInv}
 30109 | D:12     | Identified the +1 ring mail "Yttuifet" {rN++}
 30269 | D:12     | Found a staircase to the Orcish Mines.
 30554 | Orc:1    | Entered Level 1 of the Orcish Mines
 30554 | Orc:1    | Found Lisesad's Book Boutique.
 31181 | D:12     | Found a staircase to the Orcish Mines.
 31583 | D:11     | Noticed Snorg
 31949 | D:11     | Killed Snorg
 31950 | D:11     | Reached skill level 21 in Stealth
 32224 | D:12     | Found a staircase to the Orcish Mines.
 33838 | Orc:2    | Entered Level 2 of the Orcish Mines
 34057 | Orc:2    | Found a staircase to the Elven Halls.
 34504 | Orc:2    | Noticed an orc warlord
 35026 | Orc:2    | Killed an orc warlord
 36292 | Orc:2    | Found Docid's Weapon Boutique.
 36292 | Orc:2    | Found Juapp's Assorted Antiques.
 36297 | Orc:2    | Found Narext's Antique Weapon Boutique.
 36297 | Orc:2    | Found Tosupt's Weapon Shoppe.
 36430 | Orc:2    | Noticed an orc warlord
 36509 | Orc:2    | Killed an orc warlord
 36803 | Orc:2    | Noticed an orc warlord
 37304 | Orc:2    | Killed an orc warlord
 37665 | Orc:2    | Identified the +10 trident of Wosmagh {elec, MP+9}
 37699 | Orc:2    | Identified the +10 scimitar "Odum" {antimagic, rF+ rN+}
 38174 | D:6      | Bought a +2 robe of the Archmagi for 565 gold pieces
 39066 | D:13     | Found a gate to the Vaults.
 39153 | D:13     | Noticed Sonja
 39156 | D:13     | Killed Sonja
 39865 | D:14     | Reached XP level 16. HP: 87/87 MP: 24/24
 39933 | D:14     | Found a gate leading to a gauntlet.
 39942 | Gauntlet | Entered a Gauntlet
 39942 | Gauntlet | Found a transporter.
 39942 | Gauntlet | Found a transporter.
 39942 | Gauntlet | Found a transporter.
 39953 | Gauntlet | Found a transporter.
 39967 | Gauntlet | Found a transporter.
 39978 | Gauntlet | Found a transporter.
 40018 | Gauntlet | Found a transporter.
 40023 | Gauntlet | Found a transporter.
 40064 | Gauntlet | Found a transporter.
 40079 | Gauntlet | Found a transporter.
 40085 | Gauntlet | Found a transporter.
 40187 | Gauntlet | Found a transporter.
 40333 | Gauntlet | Identified the +0 pair of boots of the Gardener {Drain
                  | Str+4 Int+3}
 40476 | Gauntlet | Identified the +1 pair of boots of Fedhas's Grace {Dex+9}
 41645 | D:14     | Found a sacrificial altar of Ru.
 41720 | D:14     | Reached skill level 22 in Stealth
 42119 | D:15     | Entered Level 15 of the Dungeon
 42402 | D:15     | Noticed Rupert
 42406 | D:15     | Killed Rupert
 42422 | D:15     | Found a staircase to the Depths.
 42603 | D:15     | Found an opulent altar of Gozag.
 43669 | Shoals:1 | Entered Level 1 of the Shoals
 44188 | Shoals:1 | Upgraded the game from 0.29-a0-6-ga859fcf985 to
                  | 0.29-a0-9-g022ca4c890
 44294 | Shoals:1 | Found a runed translucent door.
 44610 | Shoals:1 | Noticed raistware's ghost (adept HuCj)
 44908 | Shoals:1 | Got Yfroiroi's Incunabulum of Poison and Evil Rituals
 46347 | Shoals:1 | Ghost
 46874 | Shoals:2 | Identified the +7 spear "Ruegiur" {flame, rPois rF+ rC-
                  | Int+5 Stlth+}
 47006 | Shoals:2 | Reached skill level 1 in Ice Magic
 47352 | Shoals:2 | Reached skill level 23 in Stealth
 47409 | Shoals:3 | Reached XP level 17. HP: 94/94 MP: 25/25
 47997 | Shoals:3 | Found Veuwig's Jewellery Shoppe.
 49042 | Shoals:4 | Entered Level 4 of the Shoals
 51444 | Shoals:4 | Upgraded the game from 0.29-a0-9-g022ca4c890 to
                  | 0.29-a0-19-gef7f3e67aa
 53848 | Shoals:4 | Learned a level 5 spell: Metabolic Englaciation
 54232 | Shoals:4 | Identified the amulet of Iblas {Acrobat +Inv rPois Int+2}
 54254 | Shoals:4 | Reached skill level 24 in Stealth
 54271 | Shoals:4 | Got a barnacled rune of Zot
 54728 | D:8      | Learned a level 2 spell: Blink
 54867 | Snake:1  | Entered Level 1 of the Snake Pit
 54887 | Snake:1  | Reached skill level 1 in Translocations
 56424 | Snake:1  | Found Caxemu's General Store.
 56651 | Snake:1  | Reached XP level 18. HP: 96/97 MP: 26/26
 57718 | Snake:1  | Bought 2 potions of heal wounds for 150 gold pieces
 58259 | Snake:2  | Noticed Vashnia
 58262 | Snake:2  | Killed Vashnia
 58699 | Snake:2  | Reached skill level 10 in Invocations
 58707 | Snake:2  | Identified the +12 rapier of Labonatt {vorpal, *Slow Str+9
                  | Dex+4}
 59780 | Snake:3  | Found Panwuos's Book Shop.
 59782 | Snake:3  | Found Irymualaf's Jewellery Shoppe.
 59783 | Snake:3  | Found Enoanno's Book Shop.
 59784 | Snake:3  | Noticed Mara
 59803 | Snake:3  | Noticed hudiniq's illusion
 61808 | Snake:3  | Noticed hudiniq's illusion
 62833 | Snake:3  | Noticed hudiniq's illusion
 62976 | Snake:3  | Noticed hudiniq's illusion
 64058 | Snake:2  | Upgraded the game from 0.29-a0-19-gef7f3e67aa to
                  | 0.29-a0-25-g7f48f510a0
 64380 | Snake:3  | Noticed hudiniq's illusion
 64455 | Snake:3  | Noticed hudiniq's illusion
 64653 | Snake:3  | Noticed hudiniq's illusion
 65423 | Snake:4  | Entered Level 4 of the Snake Pit
 65770 | Snake:4  | Reached skill level 25 in Stealth
 68933 | Snake:4  | Upgraded the game from 0.29-a0-25-g7f48f510a0 to
                  | 0.29-a0-90-gc37658a0fe
 68988 | Snake:3  | Acquired a manual of Evocations
 69049 | Snake:3  | Learned a level 7 spell: Enfeeble
 69099 | Snake:3  | Killed Mara
 69845 | Snake:4  | Reached XP level 19. HP: 56/107 MP: 13/32
 70148 | Snake:4  | Got a serpentine rune of Zot
 70853 | Vaults:1 | Entered Level 1 of the Vaults
 72303 | Vaults:1 | Found Waapluha's Armour Emporium.
 72876 | Vaults:1 | Found Iles's Distillery.
 72886 | Vaults:1 | Bought a potion of heal wounds for 90 gold pieces
 73853 | Vaults:1 | Reached skill level 26 in Stealth
 73885 | Vaults:1 | Reached skill level 15 in Fighting
 75169 | Vaults:1 | Reached skill level 10 in Evocations
 76404 | Vaults:2 | Reached XP level 20. HP: 113/113 MP: 33/33
 76866 | Vaults:3 | Found the +10 Black Knight's barding {ponderous, rPois rN+}
 77861 | Vaults:3 | Reached skill level 27 in Stealth
 78126 | Vaults:3 | Found a staircase to the Crypt.
 78133 | Vaults:3 | You fall into a shaft and drop 1 floor!
 78154 | Vaults:4 | Found a flickering gateway to a bazaar.
 78168 | Bazaar   | Entered a bazaar
 78399 | Bazaar   | Found Offocvok's Antique Weapon Shoppe.
 78410 | Bazaar   | Found Rasaegge's Antique Weapon Emporium.
 78427 | Bazaar   | Found Fysh's Antique Armour Shoppe.
 78438 | Bazaar   | Found Ythuhaoc's Antique Armour Emporium.
 78445 | Bazaar   | Bought an ominously black robe for 131 gold pieces
 78445 | Bazaar   | Identified the +0 robe of Resonance {rPois rF+ Stlth+} (You
                  | bought it in a shop in a bazaar)
 78471 | Bazaar   | Bought an embroidered scarf for 232 gold pieces
 78576 | Vaults:4 | Found a crumbling gateway.
 78580 | Vaults:4 | Reached skill level 10 in Spellcasting
 78613 | Desolati | Entered the Desolation of Salt
 78712 | Desolati | Found the +4 robe of Folly {Brilliance Will-∞ Int+8}
 78737 | Desolati | Identified the +0 long sword of the Thieving Asp {vorpal,
                  | Int+4}
 79751 | Desolati | Identified the ring "Fumn" {rN+ AC+4 Str+4 Dex-5 SInv}
 79775 | Desolati | Identified the +11 shortbow of Apigrut {venom, rElec rF++}
 79778 | Desolati | Got Sif Muna's Catalogue of Weightlessness and Snow
 79878 | Desolati | Reached skill level 15 in Evocations
 80013 | Desolati | Killed from afar by a halazid warlock

Illustrated notes

≈≈≈≈≈≈.....# #......≈.≈≈≈≈≈*#..≈≈
≈≈≈≈≈≈....## #[....≈≈.#.≈≈[##...≈
≈≈≈≈≈≈...######.....≈≈≈≈≈...≈..≈≈
≈≈≈≈≈≈.#####..###......#....≈..≈≈
≈≈≈≈≈≈..###...####....##...##..≈≈
≈≈≈≈≈≈≈.............[.≈....#≈....
≈≈≈≈≈≈≈≈≈≈≈≈≈.........≈....≈.....
≈≈≈≈≈≈≈≈≈≈≈≈≈........≈#....#.....
≈≈≈≈≈≈≈≈≈≈≈≈≈≈≈≈@....#≈...##....#
≈≈≈≈≈≈≈≈≈≈≈≈≈≈≈≈≈≈≈≈≈≈....#≈....#
≈≈≈≈≈≈≈≈≈≈≈≈≈≈≈≈≈≈≈≈≈#≈≈.≈≈≈≈...#
≈≈≈≈≈≈≈≈≈≈≈≈≈≈≈≈≈≈≈≈≈≈≈≈≈≈≈≈≈≈...
≈≈≈≈≈≈≈≈≈≈≈≈≈≈.....≈≈≈≈≈≈≈≈≈≈≈≈≈.
≈≈≈≈≈≈≈≈≈≈≈≈≈.......≈≈≈≈≈)≈≈≈≈≈≈.
≈≈≈≈≈≈≈≈≈≈≈≈...(....≈≈≈≈≈≈.......
≈≈≈≈≈≈,,≈≈≈≈W.......≈≈≈≈≈.......#
≈≈≈≈≈≈,,,,≈,**,,,,..≈≈≈≈≈...(...#


Turn 46347 on Shoals:1: Ghost

Levels and vault maps discovered:
D:1:      heliophobic_arrival_ceremonial_halls, layout_basic,
          ebering_ecumenical_altar_petrified, minmay_misc_feat_chi,
          serial_bayou_lagoon_b
D:2:      layout_basic, basic_altar
D:3:      layout_basic, nicolae_overflow_hidden_temple, minmay_ruptured
D:4:      layout_loops_corners, gammafunk_temple_of_torment, uniq_blork_the_orc,
          uniq_pikel
D:5:      layout_gridville, uniq_ijyb
D:6:      gammafunk_steamed_eel, layout_gridville, nicolae_wooded_promenade,
          corexii_hall_statues_x, mrwooster_statue_mirror
D:7:      nzn_winding_woodlands_three_and_one
          [nzn_winding_woodlands_5x15_jagged, nzn_winding_woodlands_5x15_pool,
          nzn_winding_woodlands_5x15_concentric,
          nzn_winding_woodlands_center_lodge], layout_loops_cross,
          minmay_temple_entry_wispy, hellmonk_ghost_happy_afterlife, minmay_bent
D:8:      cheibrodos_two_vegetables, layout_basic, david_lair_generic,
          special_room [special_room_orc], uniq_maggie
D:9:      layout_basic, nicolae_ashenzari_skybound, kennysheep_small_square,
          uniq_psyche
D:10:     layout_loops_corners, enter_bailey_7, palyth_stone_intersect
D:11:     layout_cave_pools, serial_shops, nicolae_shop_bloodbath_and_beyond,
          kennysheep_kite_vault, uniq_josephine, uniq_snorg
D:12:     layout_irregular_city, david_orc_3, portal_ice_cave_rime,
          minmay_crystal_water, hex_large
D:13:     layout_gridville, david_vaults_2, serial_glass, glass_columns_a,
          glass_columns_b, glass_columns_b, glass_columns_c, glass_columns_b,
          glass_columns_a, glass_columns_a, glass_columns_c, glass_columns_a,
          glass_columns_a, glass_columns_b, glass_columns_c, glass_columns_a,
          glass_columns_b, kennysheep_flooded_box, uniq_sonja
D:14:     layout_long_grid, nicolae_ru_awakened_eye, gauntlet_entry_generic
D:15:     gammafunk_depths_entry_grave, layout_rooms,
          nicolae_gozag_cash_rules_everything_around_me,
          minmay_sticks_and_stones, uniq_rupert
Temple:   bh_familiar_temple
Lair:1:   layout_regular_city, beast_lair_carwin_5, grunt_megastairs_5
Lair:2:   layout_cave_pods, serial_bayou_shore_a, serial_bayou_shore_b,
          grunt_megastairs_3
Lair:3:   wad_woods_stonehenge, layout_regular_city,
          minmay_shoals_entry_centaurs, nicolae_quartered_pool_little
Lair:4:   layout_regular_city, minmay_snake_entry_guardpost_large,
          nicolae_volcano_entry_lava_flow, lemuel_fruit_fields,
          infiniplex_staircase_pool_2
Lair:5:   layout_gridlike, slime_dummy, pf_torpor_hydra, serial_bayou_shore_b,
          uniq_urug
Lair:6:   due_jungle_book, layout_concentric_octagons, serial_bayou_shore_b
Shoals:1: layout_shoals, ebering_ghost_reflecting_pool,
          nicolae_shoals_stone_sculpture_thing,
          nicolae_shoals_pincushion_passage
Shoals:2: layout_shoals
Shoals:3: layout_shoals, serial_shops, nicolae_shop_stone
Shoals:4: shoals_end_hellmonk_lost_city
Snake:1:  layout_layer_cave, serial_shops, shop
Snake:2:  layout_basic, uniq_vashnia
Snake:3:  layout_misc_corridors, nicolae_snake_omega, serial_bayou_shore_b,
          minmay_shop_grove, uniq_mara
Snake:4:  minmay_snake_end_coiled, layout_cave_town
Orc:1:    cheibrodos_orc_bank, layout_caves, serial_shops, nicolae_shop_trees
Orc:2:    grunt_orc_tribal_feast, layout_caves, minmay_orc_treasury
Vaults:1: hangedman_vaults_locks, ontoclasm_vaults_ligature,
          ontoclasm_vaults_fault, nicolae_vaults_shelves_hall,
          ontoclasm_vaults_chip, vaults_mumra_lcd, v_rooms_5,
          vaults_standard_mumra_lines, ontoclasm_vaults_pinch,
          vaults_room_hallway, v_misc_11, ontoclasm_vaults_hangar,
          grunt_vaults_focal, v_pattern_1, ontoclasm_vaults_twist, v_misc_8,
          layout_vaults_omnibox, serial_shops, nicolae_shop_advertising_works
          [nicolae_subvault_shop_adworks], nicolae_shop_crystal
Vaults:2: nicolae_vaults_little_squares_1, nicolae_vaults_big_angled_halls,
          nicolae_vaults_back_hallway, v_pattern_3, v_alt_pattern_5,
          nicolae_vaults_little_squares_6, nicolae_vaults_network_periphery,
          st_more_cells, nicolae_vaults_mini_display_case,
          nicolae_vaults_little_squares_4, v_alt_pattern_3,
          hangedman_vaults_nails, nicolae_vaults_rhombus_7,
          ontoclasm_vaults_eye, ontoclasm_vaults_loading_screen,
          layout_vaults_ring
Vaults:3: ontoclasm_vaults_bender, minmay_crypt_entry_simple_sparse,
          vaults_room_octagon, nicolae_vaults_theta, v_misc_2, v_misc_15,
          v_misc_15, v_rooms_1, dpeg_vaults_monster_row, v_misc_31,
          vaults_room_fours, ontoclasm_vaults_ring_square, vaults_dpeg_ring,
          grunt_vaults_hallway_short, layout_vaults_omnicross, serial_shops,
          nicolae_shop_statue_plus
Vaults:4: portal_desolation_entry_salt, ontoclasm_vaults_decontamination,
          nicolae_vaults_rhombus_7, ontoclasm_vaults_claustrophobia,
          vaults_room_boxed, nicolae_vaults_display_case, vaults_mumra_hex,
          vaults_room_pools, layout_vaults_omnigrid, serial_shops,
          bzr_in_the_mist
Desolation

Skill      XL: |  1  2  3  4  5  6  7  8  9 10 11 12 13 14 15 16 17 18 19 20 |
---------------+-------------------------------------------------------------+-----
Dodging        | 3 4 5 6 7 10 11 12 14 15 17 18 19 20 21 22 23 | 23.7
Hexes          | 4 5 6 7 8 9 10 11 12 14 | 14.0
Stealth        | 5 6 7 8 9 12 13 14 16 18 20 21 23 24 25 26 27 | 27.0
Fighting       | 1 3 4 5 7 8 10 11 12 13 14 15 16 | 16.1
Spellcasting   | 3 5 8 10 | 10.0
Short Blades   | 3 5 7 8 |  8.0
Invocations    | 1 3 5 6 8 9 10 | 10.0
Conjurations   | 2 3 |  3.0
Throwing       | 3 5 7 8 |  8.0
Evocations     | 4 8 11 15 | 15.0
Ice Magic      | 1 4 |  4.4
Translocations | 3 |  3.0

Action                   |  1- 3 |  4- 6 |  7- 9 | 10-12 | 13-15 | 16-18 | 19-21 || total
-------------------------+-------+-------+-------+-------+-------+-------+-------++-------
Melee: Dagger            |   124 |    60 |   197 |   162 |       |       |       ||   543
       Punch             |       |       |     3 |     2 |    10 |    16 |    13 ||    44
       Short sword       |       |       |       |    10 |     2 |       |       ||    12
       Quick blade       |       |       |       |   110 |   981 |   956 |   710 ||  2757
       Rapier            |       |       |       |       |       |    22 |       ||    22
Throw: Stone             |       |     2 |     3 |       |     1 |       |       ||     6
       Dart              |       |       |       |       |    15 |    22 |       ||    37
       Boomerang         |       |       |       |       |    11 |   125 |       ||   136
 Cast: Ensorcelled Hiber |     2 |    52 |    65 |   252 |   483 |   693 |   154 ||  1701
       Confusing Touch   |       |     1 |    23 |    10 |    70 |    49 |    30 ||   183
       Fulminant Prism   |       |       |       |       |    56 |    55 |       ||   111
       Dazzling Flash    |       |       |       |       |       |     2 |       ||     2
       Metabolic Englaci |       |       |       |       |       |    33 |     8 ||    41
       Enfeeble          |       |       |       |       |       |     6 |     9 ||    15
       Blink             |       |       |       |       |       |     3 |       ||     3
Invok: Shadow Step       |       |       |       |     1 |     1 |    11 |       ||    13
       Shadow Form       |       |       |       |       |     1 |     3 |       ||     4
 Abil: Evoke Invisibilit |       |       |       |       |       |     1 |       ||     1
Evoke: Wand              |       |       |       |       |       |    14 |       ||    14
       Phantom mirror    |       |       |       |       |       |     2 |       ||     2
       Piece from Xom's  |       |       |       |       |       |     1 |       ||     1
  Use: Scroll            |       |       |       |    10 |    16 |     2 |     1 ||    29
       Potion            |       |       |       |     2 |     1 |     8 |       ||    11
 Stab: Sleeping          |     9 |    36 |    44 |   174 |   332 |   341 |   232 ||  1168
       Confused          |       |     1 |    21 |     8 |    72 |    22 |    38 ||   162
       Distracted        |       |       |     4 |     7 |    12 |    19 |    11 ||    53
       Petrifying        |       |       |       |       |     1 |       |       ||     1
       Invisible         |       |       |       |       |       |     5 |     2 ||     7
Armor: Robe              |    14 |    11 |    21 |     4 |     2 |    53 |    19 ||   124
       Steam dragon scal |       |       |       |    34 |    57 |       |       ||    91
Dodge: Dodged            |    83 |    38 |   200 |   328 |   995 |  1444 |   539 ||  3627
       Repelled          |       |       |       |       |       |    62 |       ||    62

Table legend: (Time is in decaauts)
 A = Elapsed time spent in this place.
 B = Non-inter-level travel time spent in this place.
 C = Inter-level travel time spent in this place.
 D = Time resting spent in this place.
 E = Time spent auto-exploring this place.
 F = Levels seen in this place.
 G = Mean time per level.
                   A        B        C        D        E       F      G
               +--------+--------+--------+--------+--------+-----+--------+
         Total |  61967 |  58512 |   3455 |  29500 |   5158 |  42 | 1475.4 |
       Dungeon |  18984 |  17408 |   1576 |   6572 |   2536 |  15 | 1265.6 |
        Temple |    123 |    112 |     11 |      0 |    110 |   1 |  123.0 |
          Lair |   7903 |   7453 |    450 |   3169 |    764 |   6 | 1317.2 |
        Shoals |   9091 |   8733 |    358 |   5331 |    706 |   4 | 2272.8 |
     Snake Pit |  12520 |  11989 |    531 |   7540 |    186 |   4 | 3130.0 |
  Orcish Mines |   3679 |   3543 |    136 |   1887 |    383 |   2 | 1839.5 |
        Vaults |   5783 |   5393 |    390 |   3178 |     81 |   4 | 1445.8 |
        Bazaar |    316 |    316 |      0 |    223 |      0 |   1 |  316.0 |
        Bailey |    319 |    319 |      0 |     13 |     19 |   1 |  319.0 |
      Ice Cave |   1036 |   1036 |      0 |    369 |    365 |   1 | 1036.0 |
       Volcano |    326 |    326 |      0 |    158 |      0 |   1 |  326.0 |
    Desolation |    985 |    985 |      0 |    533 |      4 |   1 |  985.0 |
      Gauntlet |    896 |    896 |      0 |    524 |      0 |   1 |  896.0 |
               +--------+--------+--------+--------+--------+-----+--------+

Top non-repeatable levels by time:
Shoals:3: 4352 daAuts
 Snake:2: 4011 daAuts
 Snake:3: 3427 daAuts
Vaults:1: 2967 daAuts
   Orc:2: 2653 daAuts
 Snake:4: 2624 daAuts
     D:7: 2606 daAuts
 Snake:1: 2457 daAuts
  Lair:3: 2234 daAuts
Shoals:1: 1958 daAuts
  Lair:6: 1941 daAuts
    D:12: 1893 daAuts
     D:1: 1734 daAuts
Shoals:4: 1694 daAuts
Vaults:2: 1692 daAuts
